 Dungeon Crawl Stone Soup version 0.28.0-45-g0d030f2227 (webtiles) character file.

Game seed: 17153286050808002350

90 DuloT34 the Changer (level 4, -3/38 HPs)
             Began as a Naga Transmuter on Apr 21, 2022.
             Slain by a black bear (4 damage)
             ... on level 3 of the Dungeon.
             The game lasted 00:05:36 (3968 turns).

DuloT34 the Changer (Naga Transmuter)               Turns: 3968, Time: 00:05:37

Health: -3/38      AC:  2    Str: 13    XL:     4   Next: 56%
Magic:  4/7        EV: 10    Int: 15    God:
Gold:   99         SH:  0    Dex: 11    Spells: 3/7 levels left

rFire   . . .      SeeInvis +     - Unarmed
rCold   . . .      Faith    .   (no shield)
rNeg    . . .      Spirit   .   a - +0 robe
rPois   +          Reflect  .   (helmet currently unavailable)
rElec   .          Harm     .   (no cloak)
rCorr   .          Rampage  .   (no gloves)
Will    .....                   (no barding)
Stlth   +.........              (no amulet)
HPRegen 0.12/turn               (no ring)
MPRegen 0.10/turn               (no ring)

@: appendages, weak-willed, wereblooded, very slow
A: horns 2, AC +1, large, see invisible, deformed body, poison resistance,
slowness 2, spit poison 1, naga tail 1
a: Spit Poison, End Transformation


You were on level 3 of the Dungeon.
You had temporarily grown beastly horns.
You visited 1 branch of the dungeon, and saw 3 of its levels.

You collected 99 gold pieces.

Inventory:

Armour
 a - a +0 robe (worn)
Scrolls
 c - 2 scrolls of identify
 i - 2 scrolls of teleportation
Potions
 b - a potion of lignification
 h - a potion of heal wounds {unknown}


   Skills:
 - Level 1.4 Fighting
 - Level 1.8 Dodging
 - Level 3.2 Unarmed Combat
 - Level 2.2 Spellcasting
 + Level 3.9 Transmutations


You had 3 spell levels left.
You knew the following spells:

 Your Spells              Type           Power      Damage    Failure   Level
a - Beastly Appendage     Tmut           26%        N/A       4%          1
b - Wereblood             Tmut           13%        N/A       6%          2
c - Slow                  Hex            4%         N/A       22%         1

Your spell library contained the following spells:

 Spells                   Type           Power      Damage    Failure   Level
 Freeze                   Ice            4%         1d3       22%         1
 Spider Form              Tmut/Pois      7%         N/A       28%         3
 Confusing Touch          Hex            1%         N/A       54%         3
 Frozen Ramparts          Ice            2%         1d2       54%         3
 Vampiric Draining        Necr           1%         2d6       54%         3
 Ice Form                 Ice/Tmut       7%         N/A       67%         4
 Storm Form               Tmut/Air       3%         N/A       100%        7
 Necromutation            Tmut/Necr      3%         N/A       100%        8


Dungeon Overview and Level Annotations

Branches:
Dungeon (3/15)

Altars:
Trog


Innate Abilities, Weirdness & Mutations

You have temporarily grown beastly horns.
Your serpentine skin is tough. (AC +1)
You have supernaturally acute eyesight. (SInv)
Armour fits poorly on your strangely shaped body.
Your system is resistant to poisons. (rPois)
You cover ground very slowly.
You can spit poison.
You have a snake-like lower body.


Message History

The black bear bites you! The black bear closely misses you.
The black bear claws you.
You hit the black bear.
The black bear is lightly wounded.
The black bear barely misses you. x2; The black bear claws you.
You hit the black bear.
The black bear is moderately wounded.
The black bear misses you. The black bear claws you. x2
You hit the black bear.
The black bear is heavily wounded.
The black bear bites you.
* * * LOW HITPOINT WARNING * * *
The black bear claws you.
* * * LOW HITPOINT WARNING * * *
The black bear barely misses you.
You barely miss the black bear.
The black bear is heavily wounded.
The black bear bites you.
* * * LOW HITPOINT WARNING * * *
The black bear claws you.
* * * LOW HITPOINT WARNING * * *
The black bear claws you but does no damage.
You feel better. The black bear bites you.
* * * LOW HITPOINT WARNING * * *
The black bear claws you.
* * * LOW HITPOINT WARNING * * *
The black bear claws you.
* * * LOW HITPOINT WARNING * * *
Casting: Wereblood (safe; 6% risk of failure)
Confirm with . or Enter, or press ? or * to list all spells.
Okay, then.
You hit the black bear. You headbutt the black bear.
The black bear is severely wounded.
The black bear goes berserk!
You hit the black bear but do no damage.
The black bear is severely wounded.
The black bear bites you.
* * * LOW HITPOINT WARNING * * *
The black bear claws you.
You die...

.... ###.###
.... ......#
.... #.....#
.#.# #.....##
#
#.####......#
#
..........###
#....!.....
.#
#..@h......
#..
#.#########
### # . ##


You could see a black bear (berserk).

Vanquished Creatures
  3 adders (D:2)
  A worm (D:2)
  3 ball pythons
  2 endoplasms
  4 giant cockroaches
  5 goblins
  6 hobgoblins
  4 quokkas
  2 bats (D:2)
  11 frilled lizards
  4 kobolds
  20 rats
65 creatures vanquished.

Notes
Turn   | Place    | Note
-------+----------+-------------------------------------------
     0 | D:1      | DuloT34 the Naga Transmuter began the quest for the Orb.
     0 | D:1      | Reached XP level 1. HP: 18/18 MP: 3/3
   683 | D:1      | Reached XP level 2. HP: 25/25 MP: 3/5
  1598 | D:1      | Learned a level 2 spell: Wereblood
  1600 | D:1      | Learned a level 1 spell: Slow
  1919 | D:2      | Reached XP level 3. HP: 18/31 MP: 2/6
  2111 | D:2      | Got the Guide on Shifting Ice
  2847 | D:2      | Reached XP level 4. HP: 38/38 MP: 5/7
  2867 | D:2      | Found a bloodstained altar of Trog.
  3959 | D:3      | Noticed a black bear
  3968 | D:3      | HP: 1/38 [black bear (2)]
  3968 | D:3      | Slain by a black bear

Illustrated notes

Levels and vault maps discovered:
D:1:      enne_arrival_octagon_isle, layout_basic
D:2:      wad_crossroads, layout_basic, basic_altar, minmay_rat_hole
D:3:      layout_basic, shapermc_ecumenical_altar_flowoftime,
          portal_sewer_entry_d, nicolae_figureground_pulse

Skill      XL: |  1  2  3 |
---------------+----------+-----
Transmutations | 3 |  3.9
Fighting       | |  1.4
Dodging        | |  1.8
Unarmed Combat | |  3.2
Spellcasting   | |  2.2

Action                   |  1- 3 |  4- 6 || total
-------------------------+-------+-------++-------
Melee: Unarmed           |   130 |    72 ||   202
       Headbutt          |    16 |    11 ||    27
       Punch             |     4 |     2 ||     6
 Cast: Beastly Appendage |    27 |    14 ||    41
       Wereblood         |     4 |     6 ||    10
       Slow              |       |     1 ||     1
 Abil: Spit Poison       |     2 |     1 ||     3
  Use: Scroll            |     2 |     5 ||     7
       Potion            |       |     1 ||     1
Armor: Robe              |    23 |    22 ||    45
Dodge: Dodged            |    80 |    48 ||   128
